 Dungeon Crawl Stone Soup version 0.27-a0-1071-ga85bd9520d (webtiles) character file.

Game seed: 9242360385582696720

62 karkarkar the Conjurer (level 3, -4/19 HPs)
             Began as a Deep Elf Conjurer on Apr 24, 2021.
             Slain by Terence
             ... wielding a +0 mace
              (10 damage)
             ... on level 2 of the Dungeon.
             The game lasted 00:09:21 (1662 turns).

karkarkar the Conjurer (Deep Elf Conjurer)          Turns: 1662, Time: 00:09:22

Health: -4/19      AC:  4    Str:  2 (4)  XL:     3   Next: 85%
Magic:  2/10       EV: 10    Int: 21 (23) God:
Gold:   87         SH:  0    Dex: 13      Spells: 6/9 levels left

rFire    . . .     SeeInvis .   (no weapon)
rCold    . . .     Faith    .   (no shield)
rNeg     . . .     Spirit   .   i - +0 leather armour
rPois    .         Reflect  .   (no helmet)
rElec    .         Harm     .   h - +0 cloak
rCorr    .         Rampage  .   (no gloves)
Will     .....                  (no boots)
Stlth    ++........             (no amulet)
HPRegen  0.06/turn              (no ring)
MPRegen  0.12/turn              (no ring)

@: very slightly contaminated, invisible
A: no striking features
a: no special abilities


You were on level 2 of the Dungeon.
You visited 1 branch of the dungeon, and saw 3 of its levels.

You collected 87 gold pieces.

Inventory:

Missiles
 c - 11 poisoned darts
Armour
 a - a +0 robe
 h - a +0 cloak (worn)
 i - a +0 leather armour (worn)
Potions
 d - a potion of might {unknown}
 e - a potion of curing
 f - a potion of magic {unknown}
 g - a potion of degeneration


   Skills:
 + Level 2.5 Dodging
 + Level 2.9 Stealth
 + Level 3.7 Spellcasting
 + Level 5.5 Conjurations


You had 6 spell levels left.
You knew the following spells:

 Your Spells              Type           Power      Damage    Failure   Level
a - Magic Dart            Conj           100%       1d8       3%          1
b - Searing Ray           Conj           54%        3d5       4%          2

Your spell library contained the following spells:

 Spells                   Type           Power      Damage    Failure   Level
 Dazzling Flash           Conj/Hex       30%        N/A       26%         3
 Fulminant Prism          Conj/Hex       7%         3d7       65%         4
 Iskenderun's Mystic Bla  Conj/Tloc      15%        2d5       65%         4


Dungeon Overview and Level Annotations

Branches:
Dungeon (3/15)

Altars:

Annotations:
D:2 Terence


Message History

Terence is nearby!
Press: ? - help, v - describe, . - travel The floor.
Terence shouts, "ATTACK!!!"
The magic dart hits Terence but does no damage.
You miscast Searing Ray.
You are very lightly contaminated with residual magic.
Nothing appears to happen.
You miscast Searing Ray.
Nothing appears to happen.
The searing ray hits Terence but does no damage. (Press . to maintain the ray.) Terence screams, "I'm going to kill you!"
Terence hits you with a +0 mace. Terence hits you with a +0 mace.
There is a stone staircase leading down here.
You can't go up here!
Terence hits you with a +0 mace.
You climb downwards.
There is a stone staircase leading up here.
Terence says, "You're history."
Terence barely misses you.
You climb upwards.
There is a stone staircase leading down here.
It was a potion of curing.
You feel better. Terence hits you with a +0 mace.
Your magical contamination has completely faded away.
The searing ray hits Terence.
Terence is lightly wounded. (Press . to maintain the ray.) Terence hits you with a +0 mace.
The searing ray hits Terence.
Terence is moderately wounded.
Terence barely misses you.
It was a potion of invisibility.
You fade into invisibility!
Terence hits you with a +0 mace!
* * * LOW HITPOINT WARNING * * *
You are very lightly contaminated with residual magic.
Terence hits you with a +0 mace!
Ouch! That really hurt!
You die...

###############
###..............
#..####...#############
#..).@.......###
######@#####...####### #.
#.# ###........ #.###>#
######### #.....##
#########....####
..........##....#########
....$....................
.........########.#######


You could see Terence.

Vanquished Creatures
  Natasha (D:2)
  An adder (D:2)
  2 dart slugs
  2 endoplasms (D:1)
  4 goblins
  3 jackals (D:2)
  5 kobolds
  2 quokkas
  A ball python (D:1)
  2 bats
  A rat (D:1)
24 creatures vanquished.

Notes
Turn   | Place    | Note
-------+----------+-------------------------------------------
     0 | D:1      | karkarkar the Deep Elf Conjurer began the quest for the
                  | Orb.
     0 | D:1      | Reached XP level 1. HP: 10/10 MP: 6/6
     6 | D:1      | Noticed a lindwurm
     6 | D:1      | Noticed an anaconda
     7 | D:1      | Noticed a scorpion
     7 | D:1      | Noticed a wolf
   220 | D:1      | Reached XP level 2. HP: 15/15 MP: 5/8
   223 | D:1      | Learned a level 2 spell: Searing Ray
   979 | D:2      | Reached skill level 5 in Conjurations
  1370 | D:2      | Noticed Natasha
  1373 | D:2      | Reached XP level 3. HP: 19/19 MP: 2/9
  1455 | D:2      | Killed Natasha
  1635 | D:2      | Noticed Terence
  1662 | D:2      | Slain by Terence

Illustrated notes

Levels and vault maps discovered:
D:1:      onia_arrival_zoo_common, layout_basic
D:2:      layout_rooms, chequers_ecumenical_altar_simple, uniq_terence,
          uniq_natasha, uniq_robin
D:3:      layout_basic, minmay_misc_feat_alley, hangedman_decor_growths

Skill      XL: |  1  2 |
---------------+-------+-----
Conjurations   | 5 |  5.5
Dodging        | |  2.5
Stealth        | |  2.9
Spellcasting   | |  3.7

Action                   || total
-------------------------++-------
 Cast: Magic Dart        ||    49
       Searing Ray       ||     4
  Use: Potion            ||     3
Armor: Leather armour    ||     1
Dodge: Dodged            ||     4

Table legend: (Time is in decaauts)
 A = Elapsed time spent in this place.
 B = Non-inter-level travel time spent in this place.
 C = Inter-level travel time spent in this place.
 D = Time resting spent in this place.
 E = Time spent auto-exploring this place.
 F = Levels seen in this place.
 G = Mean time per level.
                   A        B        C        D        E       F      G
               +--------+--------+--------+--------+--------+-----+--------+
         Total |   1664 |   1611 |     53 |    189 |    707 |   3 |  554.7 |
       Dungeon |   1664 |   1611 |     53 |    189 |    707 |   3 |  554.7 |
               +--------+--------+--------+--------+--------+-----+--------+

Top non-repeatable levels by time:
     D:1: 1269 daAuts
     D:2: 393 daAuts
     D:3: 1 daAuts
